 Dungeon Crawl Stone Soup version 0.31.0-7-gf635a9b802 (webtiles) character file.

Game seed: 15658040752026644249

58 puppykicker the Ruffian (level 3, -4/32 (33) HPs)
             Began as a Troll Enchanter on Jan 23, 2024.
             Was a Follower of Fedhas.
             Slain by a gnoll
             ... wielding a +0 spear
              (6 damage)
             ... on level 2 of the Dungeon.
             The game lasted 00:03:12 (1241 turns).

puppykicker the Ruffian (Troll Enchanter)           Turns: 1241, Time: 00:03:12

HP:   -4/32 (33)    AC:  4    Str: 16    XL:     3   Next: 76%
MP:   3/3           EV:  9    Int: 13    God:    Fedhas [*.....]
Gold: 67            SH:  0    Dex: 10    Spells: 4/4 levels left

rFire   . .          .
                       - Unarmed
rCold   . . .        (no shield)
rNeg    . . .        b - +0 robe
rPois   .            (helmet restricted)
rElec   .            (no cloak)
rCorr   .            (gloves unavailable)
SInv    .            (boots unavailable)
Will    .....        (no amulet)
Stlth   ++           (no ring)
HPRegen 1.05/turn    (no ring)
MPRegen 0.08/turn

%: no passive effects
@: lightly drained
A: large, unfitting armour, claws 3, regeneration 1, shaggy fur 1, tough skin 1
a: Renounce Religion


You were on level 2 of the Dungeon.
You worshipped Fedhas.
Fedhas was aware of your devotion.
You visited 1 branch of the dungeon, and saw 2 of its levels.

You collected 67 gold pieces.

Inventory:

Missiles
 k - 2 javelins (quivered)
Armour
 b - a +0 robe (worn)
Scrolls
 a - a scroll of teleportation {unknown}
 d - 3 scrolls of identify {unknown}
 f - a scroll of fear {unknown}
 g - a scroll of blinking {unknown}
 h - a scroll of poison {unknown}
 j - a scroll of silence {unknown}
 l - a scroll of enchant weapon {unknown}
Potions
 c - 2 potions of invisibility
 e - a potion of haste {unknown}
 i - a potion of degeneration {unknown}
 m - 2 potions of attraction {unknown}


   Skills:
 + Level 1.3 Fighting
 - Level 0.7 Short Blades
 - Level 1.5 Dodging
 - Level 1.5 Stealth
 * Level 2.6 Unarmed Combat
 - Level 1.2 Spellcasting
 - Level 2.0 Hexes
 + Level 0.4 Invocations


You had 4 spell levels left.
You didn't know any spells.
Your spell library contained the following spells:

 Spells                   Type           Power      Damage    Failure   Level
 Ensorcelled Hibernation  Hex/Ice        6%         N/A       28%         2
 Confusing Touch          Hex            6%         N/A       36%         3
 Tukima's Dance           Hex            6%         N/A       36%         3
 Dazzling Flash           Conj/Hex       6%         N/A       50%         3


Dungeon Overview and Level Annotations

Branches:
Dungeon (2/15)

Altars:
Fedhas


Innate Abilities, Weirdness & Mutations

You are too large for most types of armour.
You have claws for hands.
Your natural rate of healing is unusually fast.
You are covered in fur. (AC +1)
You have tough skin. (AC +1)


Message History

You are too injured to fight recklessly!
You are too injured to fight recklessly!
You are too injured to fight recklessly!
You are too injured to fight recklessly!
You claw the gnoll!
You kill the gnoll!
The gnoll completely misses you.
You claw the gnoll!
You kill the gnoll!
The gnoll hits you from afar with a +0 spear.
* * * LOW HITPOINT WARNING * * *
You take 3 damage, and have 11/32 hp.
Unknown command.
The gnoll hits you with a +0 spear.
* * * LOW HITPOINT WARNING * * *
Things that are here:
a +0 club; a +0 spear; a gnoll corpse You take 2 damage, and have 9/32 hp.
You claw the gnoll!
The gnoll is almost dead.
The gnoll hits you with a +0 spear.
* * * LOW HITPOINT WARNING * * *
You take 4 damage, and have 5/32 hp.
You barely miss the gnoll.
The gnoll is almost dead.
The gnoll hits you but does no damage.
You closely miss the gnoll.
The gnoll is almost dead.
The gnoll hits you with a +0 spear.
* * * LOW HITPOINT WARNING * * *
You take 2 damage, and have 4/32 hp.
You barely miss the gnoll.
The gnoll is almost dead.
The gnoll hits you with a +0 spear.
* * * LOW HITPOINT WARNING * * *
You take 3 damage, and have 1/32 hp.
You barely miss the gnoll.
The gnoll is almost dead.
The gnoll hits you with a +0 spear.
You die...

#.##...# # #..#
#.####.# # #..# #.#
#.# # #..# #.# #[# #
#..# #.####.####
##..## #..[.......
....# ######.####
#g.# #...# #. #@#
#.### #. #.# #.# #.
#.#### #.# #. #....#
#.# #. ####.# #.# #.
#.# #.# #.
##.######.#####.
#.###...#...........
#....[#...###.......


You could see a gnoll.

Levels and vault maps discovered:
D:1:      spicycebolla_green_bress_n_ham, layout_basic, minmay_hedge_maze
D:2:      layout_loops_ring, shapermc_ecumenical_altar_venn, hex_large,
          minivault_25

Notes
Turn   | Place    | Note
-------+----------+-------------------------------------------
     0 | D:1      | puppykicker the Troll Enchanter began the quest for the
                  | Orb.
     0 | D:1      | Reached XP level 1. HP: 16/16 MP: 1/1
     7 | D:1      | Identified a +0 dagger
    42 | D:1      | Identified a +0 club
    80 | D:1      | Reached skill level 1 in Unarmed Combat
   102 | D:1      | Identified a +0 dagger
   132 | D:1      | Reached XP level 2. HP: 17/26 MP: 2/2
   183 | D:1      | Identified a +0 ring mail
   336 | D:1      | Identified a +0 dagger
   383 | D:1      | Identified a +0 whip of draining
   457 | D:1      | Reached skill level 1 in Fighting
   598 | D:1      | Reached skill level 2 in Unarmed Combat
   865 | D:2      | Reached XP level 3. HP: 30/30 MP: 3/3
   946 | D:2      | Identified a +0 dagger
   950 | D:2      | Identified a +0 dagger
   995 | D:2      | Found a faded altar of an unknown god.
  1011 | D:2      | Identified a +0 ring mail
  1068 | D:2      | Prayed at the altar of an unknown god.
  1068 | D:2      | Became a worshipper of Fedhas Madash
  1068 | D:2      | Reached * piety under Fedhas
  1147 | D:2      | Identified a +0 leather armour
  1222 | D:2      | Identified a +0 club
  1223 | D:2      | Identified a +0 spear
  1223 | D:2      | Identified a +0 spear
  1237 | D:2      | HP: 5/32 [gnoll/+0 spear (5)]
  1240 | D:2      | HP: 1/32 [gnoll/+0 spear (4)]
  1241 | D:2      | Slain by a gnoll

Table legend: (Time is in decaauts)
 A = Elapsed time spent in this place.
 B = Non-inter-level travel time spent in this place.
 C = Inter-level travel time spent in this place.
 D = Time resting spent in this place.
 E = Time spent auto-exploring this place.
 F = Levels seen in this place.
 G = Mean time per level.
                   A        B        C        D        E       F      G
               +--------+--------+--------+--------+--------+-----+--------+
         Total |   1236 |   1211 |     25 |      9 |    933 |   2 |  618.0 |
       Dungeon |   1236 |   1211 |     25 |      9 |    933 |   2 |  618.0 |
               +--------+--------+--------+--------+--------+-----+--------+

Top non-repeatable levels by time:
     D:1: 812 daAuts
     D:2: 424 daAuts

Table legend:
 A = Kills in this place as a percentage of kills in the entire game.
 B = Kills by you in this place as a percentage of kills by you in the entire game.
 C = Kills by friends in this place as a percentage of kills by friends in the entire game.
 D = Other kills in this place as a percentage of other kills in the entire game.
 E = Experience gained in this place as a percentage of experience gained in the entire game.
 F = Experience gained in this place divided by the number of levels of this place that you have seen.
                   A       B       C       D       E      F
               +-------+-------+-------+-------+-------+----------------------
         Total | 100.0 | 100.0 |   N/A |   N/A | 100.0 |  42.0
       Dungeon | 100.0 | 100.0 |   N/A |   N/A | 100.0 |  42.0
               +-------+-------+-------+-------+-------+----------------------

Skill      XL: |  1  2 |
---------------+-------+-----
Unarmed Combat | 1 2 |  2.6
Fighting       | 1 |  1.3
Short Blades   | |  0.7
Dodging        | |  1.5
Stealth        | |  1.5
Spellcasting   | |  1.2
Hexes          | |  2.0
Invocations    | |  0.4

Action                     || total
---------------------------++-------
  Melee: Unarmed           ||   126
         Punch             ||     2
   Stab: Sleeping          ||     6
 Armour: Robe              ||    62
  Dodge: Dodged            ||    34

Vanquished Creatures
  2 gnolls (D:2)
  2 dart slugs (D:1)
  A ribbon worm (D:2)
  3 bats
  5 endoplasms
  4 goblins
  4 hobgoblins
  3 quokkas (D:1)
  2 frilled lizards (D:1)
  3 kobolds (D:1)
29 creatures vanquished.
